 Dungeon Crawl Stone Soup version 0.29-a0-194-g6e3aafee17 (webtiles) character file.

Game seed: 995967764351884719

43 bande the Skirmisher (level 3, -7/24 HPs)
             Began as a Gargoyle Fighter on Feb 23, 2022.
             Killed by divine providence
             ... invoked by an orc priest
              (11 damage)
             ... on level 2 of the Dungeon.
             The game lasted 00:02:13 (2012 turns).

bande the Skirmisher (Gargoyle Fighter)             Turns: 2012, Time: 00:02:14

Health: -7/24      AC: 12    Str: 19    XL:     3   Next: 58%
Magic:  3/3        EV:  7    Int:  8    God:
Gold:   92         SH:  4    Dex: 11    Spells: 2/2 levels left

rFire   . . .      SeeInvis .   a - +0 war axe
rCold   . . .      Faith    .   c - +0 buckler
rNeg    + . .      Spirit   .   i - +0 chain mail
rPois   ∞          Reflect  .   (no helmet)
rElec   +          Harm     .   (no cloak)
rCorr   .          Rampage  .   (no gloves)
Will    .....                   (no boots)
Stlth   ..........              (no amulet)
HPRegen 0.08/turn               (no ring)
MPRegen 0.08/turn               (no ring)

@: no status effects
A: sickness immunity, AC +3, negative energy resistance 1, electricity
resistance, torment resistance 1, petrification resistance
a: no special abilities


You were on level 2 of the Dungeon.
You visited 1 branch of the dungeon, and saw 2 of its levels.

You collected 92 gold pieces.

Inventory:

Hand Weapons
 a - a +0 war axe (weapon)
Armour
 c - a +0 buckler (worn)
 i - a +0 chain mail (worn)
Scrolls
 h - a scroll of teleportation {unknown}
Potions
 b - a potion of curing {unknown}
 d - a potion of might
 e - a potion of mutation {unknown}
 f - 2 potions of flight {unknown}
 g - 2 potions of heal wounds {unknown}


   Skills:
 + Level 3.8 Fighting
 + Level 2.5 Axes
 + Level 3.6 Armour
 + Level 3.5 Shields


You had 2 spell levels left.
You didn't know any spells.
Your spell library contained the following spells:

 Spells                   Type           Power      Damage    Failure   Level
 Shock                    Conj/Air       0%         1d3       100%        1
 Swiftness                Air            0%         N/A       100%        3
 Airstrike                Air            0%         N/A       100%        4
 Hailstorm                Conj/Ice       0%         3d3       100%        4
 Ice Form                 Ice/Tmut       0%         N/A       100%        4
 Simulacrum               Ice/Necr       0%         N/A       100%        6


Dungeon Overview and Level Annotations

Branches:
Dungeon (2/15)

Altars:


Innate Abilities, Weirdness & Mutations

You are immune to sickness and miasma.
Your stone body is resilient. (AC +3)
You are immune to poison.
You resist negative energy. (rN+)
You are resistant to electric shocks. (rElec)
You are resistant to unholy torment.
You are immune to petrification.


Message History

The dart slug launches a dart at you. You block the slug dart.
You see here a ball python corpse.
The dart slug launches a dart at you.
The slug dart hits you but does no damage.
You slash the dart slug!
The dart slug is almost dead.
The dart slug bites you but does no damage.
You slash the dart slug!
You kill the dart slug!
No target in view!
No target in view!
No target in view!
No target in view!
No target in view!
No target in view!
No target in view!
HP restored.
A hobgoblin comes into view.
Found a book of the Sky.
The hobgoblin shouts!
You see here a scroll labelled WOCOLU NAIBAS.
An orc comes into view. It is wielding a +0 club.
An orc comes into view. It is wielding a +0 short sword.
The orc shouts! x2; You hear a shout!
An orc priest comes into view. It is wielding a +0 mace.
The orc priest shouts!
The hobgoblin hits you but does no damage.
You hit the hobgoblin.
You kill the hobgoblin!
You closely miss the orc. The orc hits you with a +0 club.
You barely miss the orc. x2; The orc hits you with a +0 club.
The orc priest calls down the wrath of Beogh upon you.
Beogh smites you!
Ouch! That really hurt!
* * * LOW HITPOINT WARNING * * *
You block the orc's attack. The orc barely misses you.
The orc priest calls down the wrath of Beogh upon you.
Beogh smites you!
You die...

....# #......# #.......
#..## #......# #.......
##.## #......# #.......
##..# #.....†########
#.......
....#######+#.......#
#....... .)...###
#†?.....# #.......
.......# #.......#
#....... ...#...#
#.......# ########
...#...# #...@...#
...#...# #..oo...#
.#.#>..# #.......+
.#...### #....o..#
<..#..# #..:....#
..###.#####.#........
..'.......†...........
..####.####.###........
..# #.## #


You could see an orc priest and 2 orcs.

Vanquished Creatures
  2 dart slugs
  3 ball pythons
  4 endoplasms (D:1)
  3 giant cockroaches
  3 goblins
  5 hobgoblins
  2 quokkas
  2 bats (D:1)
  A frilled lizard (D:1)
  8 kobolds
  2 rats
35 creatures vanquished.

Vanquished Creatures (others)
  3 plants (D:1)
3 creatures vanquished.

Grand Total: 38 creatures vanquished

Notes
Turn   | Place    | Note
-------+----------+-------------------------------------------
     0 | D:1      | bande the Gargoyle Fighter began the quest for the Orb.
     0 | D:1      | Reached XP level 1. HP: 14/14 MP: 1/1
    10 | D:1      | Found a faded altar of an unknown god.
    63 | D:1      | Reached XP level 2. HP: 19/19 MP: 2/2
   557 | D:1      | Reached XP level 3. HP: 15/24 MP: 3/3
  2012 | D:2      | Killed from afar by an orc priest

Illustrated notes

Levels and vault maps discovered:
D:1:      minmay_arrival_three_doors, layout_basic, basic_ecumenical_altar,
          glass_columns_a, serial_bayou_lagoon_b
D:2:      layout_basic

Skill      XL: |  1 |
---------------+----+-----
Axes           | 2 |  2.5
Fighting       | |  3.8
Armour         | |  3.6
Shields        | |  3.5

Action                   || total
-------------------------++-------
Melee: War axe           ||    98
Armor: Scale mail        ||    41
       Chain mail        ||    18
Dodge: Dodged            ||    46
Block: Buckler           ||    25

Table legend: (Time is in decaauts)
 A = Elapsed time spent in this place.
 B = Non-inter-level travel time spent in this place.
 C = Inter-level travel time spent in this place.
 D = Time resting spent in this place.
 E = Time spent auto-exploring this place.
 F = Levels seen in this place.
 G = Mean time per level.
                   A        B        C        D        E       F      G
               +--------+--------+--------+--------+--------+-----+--------+
         Total |   2066 |   2066 |      0 |    661 |   1079 |   2 | 1033.0 |
       Dungeon |   2066 |   2066 |      0 |    661 |   1079 |   2 | 1033.0 |
               +--------+--------+--------+--------+--------+-----+--------+

Top non-repeatable levels by time:
     D:1: 1260 daAuts
     D:2: 806 daAuts
